 Dungeon Crawl Stone Soup version 0.26.1-11-gd32895ea62 (webtiles) character file.

Game seed: 7325145322771834834

158 wheatie the Skirmisher (level 5, 0/47 HPs)
             Began as a Hill Orc Fighter on July 21, 2021.
             Slain by Ijyb (2 damage)
             ... on level 5 of the Dungeon.
             The game lasted 00:07:20 (1343 turns).

wheatie the Skirmisher (Hill Orc Fighter)           Turns: 1343, Time: 00:07:21

Health: 0/47       AC:  7    Str: 20    XL:     5   Next: 39%
Magic:  5/5        EV:  7    Int:  8    God:
Gold:   103        SH:  9    Dex: 10    Spells: 4/4 levels left

rFire    . . .     SeeInvis .   a - +0 flail
rCold    . . .     Faith    .   c - +0 kite shield
rNeg     . . .     Spirit   .   b - +0 scale mail
rPois    .         Reflect  .   (no helmet)
rElec    .         Harm     .   (no cloak)
rCorr    .         Rampage  .   (no gloves)
Will     .....                  (no boots)
Stlth    ..........             (no amulet)
HPRegen  0.15/turn              (no ring)
MPRegen  0.09/turn              (no ring)

@: no status effects
A: no striking features
a: no special abilities


You were on level 5 of the Dungeon.
You visited 1 branch of the dungeon, and saw 5 of its levels.

You collected 103 gold pieces.

Inventory:

Hand Weapons
 a - a +0 flail (weapon)
Missiles
 h - 20 sling bullets
Armour
 b - a +0 scale mail (worn)
 c - a +0 kite shield (worn)
Scrolls
 d - a scroll of remove curse {unknown}
 e - a scroll of identify
 f - a scroll of noise {unknown}
 g - a scroll of fear {unknown}


   Skills:
 + Level 4.4 Fighting
 + Level 3.5 Maces & Flails
 + Level 4.2 Armour
 + Level 0.7 Dodging
 + Level 0.2 Stealth
 + Level 4.2 Shields


You had 4 spell levels left.
You didn't know any spells.
Your spell library was empty.

Dungeon Overview and Level Annotations

Branches:
Dungeon (5/15)
 Temple: D:4-7

Altars:
Qazlal

Annotations:
D:5 Ijyb


Message History

Ijyb is heavily wounded.
Ijyb closely misses you. Ijyb hits you but does no damage.
You hit Ijyb.
Ijyb is heavily wounded.
You block Ijyb's attack.
You hit Ijyb but do no damage.
Ijyb is heavily wounded.
Ijyb barely misses you.
You hit Ijyb but do no damage.
Ijyb is heavily wounded.
Ijyb hits you but does no damage.
Ijyb screams, "It's all mine!"
Ijyb hits you but does no damage.
You hit Ijyb but do no damage.
Ijyb is heavily wounded.
You block Ijyb's attack.
You hit Ijyb.
Ijyb is heavily wounded.
Ijyb hits you.
You die...

#.......#....#......
#.......###+##......
#.......# #.......#
#..(....# #.......#
.. #...(...#
.....#.......#
......#..@....#..
.......###g#####..
...........ZS.......
............).......
....................
............).......
....................
....................
....................


You could see Ijyb, an adder and a centaur skeleton.

Vanquished Creatures
  A scorpion (D:4)
  A centaur skeleton (D:4)
  A worker ant (D:5)
  3 adders
  A dart slug (D:3)
  A leopard gecko (D:2)
  An orc (D:3)
  2 giant cockroaches
  5 goblins
  2 hobgoblins
  A quokka (D:3)
  4 bats
  4 frilled lizards
  3 kobolds
30 creatures vanquished.

Vanquished Creatures (others)
  3 orcs (D:5)
3 creatures vanquished.

Grand Total: 33 creatures vanquished

Notes
Turn   | Place    | Note
-------+----------+-------------------------------------------
     0 | D:1      | wheatie the Hill Orc Fighter began the quest for the Orb.
     0 | D:1      | Reached XP level 1. HP: 19/19 MP: 1/1
   249 | D:1      | Reached XP level 2. HP: 27/27 MP: 2/2
   288 | D:2      | Found a stormy altar of Qazlal.
   474 | D:3      | Reached XP level 3. HP: 32/33 MP: 3/3
   707 | D:4      | Reached XP level 4. HP: 8/40 MP: 4/4
   975 | D:4      | Reached XP level 5. HP: 16/47 MP: 5/5
  1205 | D:5      | Entered Level 5 of the Dungeon
  1237 | D:5      | Became a worshipper of Beogh the Brigand
  1294 | D:5      | Noticed Ijyb
  1315 | D:5      | Fell from the grace of Beogh
  1333 | D:5      | HP: 2/47 [Ijyb (2)]
  1343 | D:5      | Slain by Ijyb

Illustrated notes

Levels and vault maps discovered:
D:1:      shiori_shiawase, layout_basic, minmay_lizard_king
D:2:      layout_rooms, grunt_qazlal_sundering
D:3:      layout_basic
D:4:      layout_rooms, serial_shops, nicolae_shop_statue_plus
D:5:      layout_gridville, minmay_temple_entry_stoned_glass, uniq_ijyb

Skill      XL: |  1  2  3  4 |
---------------+-------------+-----
Fighting       | 4 |  4.4
Maces & Flails | 3 |  3.5
Shields        | 4 |  4.2
Armour         | 4 |  4.2
Dodging        | |  0.7
Stealth        | |  0.2

Action                   |  1- 3 |  4- 6 || total
-------------------------+-------+-------++-------
Melee: Flail             |    83 |    49 ||   132
Invok: Renounce Religion |       |     1 ||     1
       Convert to Beogh  |       |     1 ||     1
  Use: Scroll            |     2 |       ||     2
       Potion            |     1 |       ||     1
Armor: Scale mail        |    37 |    32 ||    69
Dodge: Dodged            |    29 |    20 ||    49
Block: Kite shield       |    56 |    27 ||    83
